 Dungeon Crawl Stone Soup version 0.30-a0-883-g5ad918d77d (webtiles) character file.

Game seed: 17999747106471225962

2081 jasper the Insei (level 8, 0/64 HPs)
             Began as a Demonspawn Necromancer on Mar 16, 2023.
             Was a Priest of Ru.
             Shot with a bolt by an orc warrior (4 damage)
             ... on level 7 of the Dungeon.
             The game lasted 00:09:33 (6151 turns).

jasper the Insei (Demonspawn Necromancer)           Turns: 6151, Time: 00:09:33

Health: 0/64       AC:  6    Str: 10    XL:     8   Next: 6%
Magic:  8/11       EV: 12    Int: 18    God:    Ru [***...]
Gold:   316        SH:  9    Dex: 13    Spells: 4/11 levels left

rFire   . . .      SeeInvis .      - Unarmed
rCold   . . .      Faith    .    C - +0 buckler
rNeg    + . .      Spirit   .    z - +2 robe of the Guilds {rN+}
rPois   +          Reflect  .    l - +1 helmet
rElec   .          Rampage  .    (no cloak)
rCorr   .                        (no gloves)
Will    .....                    (no boots)
Stlth   ++                       o - amulet of magic regeneration
HPRegen 0.30/turn                m - +4 ring of slaying
MPRegen 0.52/turn                D - ring of poison resistance

@: no status effects
A: large bone plates 1, spiny 1, hated by all, inexperienced 1, demonic magic 1,
weakness stinger 1
a: Renounce Religion, Draw Out Power


You were on level 7 of the Dungeon.
You worshipped Ru.
Ru was most pleased with you.
You visited 1 branch of the dungeon, and saw 7 of its levels.

You collected 316 gold pieces.

Inventory:

Hand Weapons
 f - a +0 dagger of protection
Missiles
 g - 38 stones
 n - 27 poisoned darts
 r - a throwing net
Armour
 a - a +0 robe
 l - a +1 helmet (worn)
 p - a +1 robe of positive energy
 z - the +2 robe of the Guilds (worn) {rN+}
   (You found it on level 6 of the Dungeon)

   rN:        It protects you from negative energy.
 C - a +0 buckler (worn)
Jewellery
 j - a ring of protection from fire
 m - a +4 ring of slaying (left hand)
 o - an amulet of magic regeneration (around neck)
 y - a ring of protection from fire
 A - an amulet of the acrobat
 D - a ring of poison resistance (right hand)
Wands
 q - a wand of acid (11)
 u - a wand of flame (20)
 w - a wand of digging (7)
Scrolls
 c - a scroll of fog
 k - 4 scrolls of teleportation
 B - a scroll of identify
 E - a scroll of blinking
Potions
 b - a potion of magic
 d - 2 potions of might
 e - 2 potions of degeneration
 h - 2 potions of ambrosia
 i - 4 potions of brilliance
 s - 2 potions of haste
 t - a potion of lignification
 v - a potion of invisibility
 x - a potion of cancellation {unknown}


   Skills:
 - Level 5.7 Fighting
 - Level 2.0 Dodging
 - Level 1.7 Stealth
 - Level 4.0 Shields
 - Level 7.5 Unarmed Combat
 - Level 2.0 Spellcasting
 + Level 0.2 Conjurations
 - Level 6.0 Necromancy
 + Level 0.2 Air Magic
 + Level 0.2 Poison Magic


You had 4 spell levels left.
You knew the following spells:

 Your Spells              Type           Power      Damage    Failure   Level
a - Necrotise             Necr           92%        1d8       1%          1
b - Vampiric Draining     Necr           23%        2d7       6%          3
c - Mephitic Cloud        Conj/Pois/Air  2%         N/A       54%         3

Your spell library contained the following spells:

 Spells                   Type           Power      Damage    Failure   Level
 Cigotuvi's Dreadful Rot  Necr/Pois/Air  18%        N/A       14%         2
 Poisonous Vapours        Pois/Air       4%         N/A       32%         2
 Agony                    Necr           23%        N/A       47%         5
 Animate Dead             Necr           Unusable   N/A       N/A         4

Dungeon Overview and Level Annotations

Branches:
Dungeon (7/15)             Temple (0/1) D:6

Altars:
Cheibriados
Dithmenos
Kikubaaqudgha
Makhleb
Nemelex Xobeh
Okawaru
Ru
Sif Muna
Wu Jian


Innate Abilities, Weirdness & Mutations

You are partially covered in large bone plates. (SH +4)
You are partially covered in sharp spines.
You are hated by all.
You are somewhat inexperienced. (-1 XL)
Spells you cast may paralyse adjacent enemies.
You have a small tail.


Message History

The orc shouts!
You hear a shout! x2; The orc shouts!
Health restored: 64
There are monsters nearby!
You closely miss the orc. The orc is struck by your spines.
The orc closely misses you. You block the orc's attack.
The orc warrior hits you from afar with a +0 halberd!
There is an open door, spattered with blood here.
You take 12 damage, and have 52/64 hp.
You punch the orc!
You kill the orc!
The orc is struck by your spines. The orc closely misses you.
You block the orc warrior's attack.
You barely miss the orc. You tail-slap the orc.
The orc is heavily wounded.
The orc hits you but does no damage.
You are electrocuted!
The orc warrior is stunned by your conviction and fails to attack.
The orc warrior hits you from afar with a +0 halberd!
You take 21 damage, and have 32/64 hp.
MASSIVE DAMAGE!!
You hit the orc.
Your tail-slap misses the orc.
The orc is severely wounded.
An orc comes into view. It is wielding a +0 whip.
The orc hits you with a +2 dagger of electrocution.
The orc warrior is stunned by your conviction and fails to attack.
The orc warrior hits you from afar with a +0 halberd!
* * * LOW HITPOINT WARNING * * *
The orc shouts!
You take 20 damage, and have 12/64 hp.
MASSIVE DAMAGE!!
Aiming: Vampiric Draining (dangerous; 6% risk of failure)
Press: ? - help, Q - select action, (/) - cycle Shift-Dir - straight line, f - orc
Aim: an orc, wielding a +2 dagger of electrocution and wearing a +0 scale mail (severely wounded)
You draw life force from the orc!
You kill the orc!
You feel life coursing into your body. Malevolent energies surge around you.
The orc warrior unwields a +0 halberd.
The orc warrior wields a +2 arbalest of flaming.
It bursts into flame!
The orc warrior shoots a bolt.
The bolt hits you!
* * * LOW HITPOINT WARNING * * *
The bolt burns you.
You die...

#####
###...###.# ##
#.....@)oo# #.
##...)#####
#######.
#.####
#....... #.#
#######.######
#.#
#........<..#
#.#
#.#####.#.#.##
#)#
#####.#.#.#.
#.#
#.......#.#.
#)#
#.###.###.#.


You could see an orc warrior and an orc.

Vanquished Creatures
  Grinder (D:4)
  A sky beast (D:5)
  2 black bears (D:5)
  An ogre (D:5)
  A kobold brigand (D:7)
  2 phantoms
  2 bullfrogs (D:7)
  2 gnoll sergeants
  5 scorpions
  2 vampire bats (D:6)
  An orc priest (D:7)
  4 hounds
  4 jellies
  An iguana (D:5)
  6 orc wizards
  8 adders
  8 gnolls
  2 worms (D:5)
  2 dart slugs
  16 orcs
  11 ball pythons
  4 bats
  3 bat skeletons (D:6)
  A bat zombie (D:6)
  6 endoplasms
  A giant cockroach (D:4)
  7 goblins
  10 hobgoblins
  3 jackals (D:1)
  5 quokkas
  4 frilled lizards
  11 kobolds
  4 rats
141 creatures vanquished.

Vanquished Creatures (collateral kills)
  A goblin (D:1)
  A ball python (D:1)
2 creatures vanquished.

Vanquished Creatures (others)
  An adder (D:5)
1 creature vanquished.

Grand Total: 144 creatures vanquished

Notes
Turn   | Place    | Note
-------+----------+-------------------------------------------
     0 | D:1      | jasper the Demonspawn Necromancer began the quest for the
                  | Orb.
     0 | D:1      | Reached XP level 1. HP: 13/13 MP: 3/3
   229 | D:1      | Gained mutation: You are partially covered in sharp spines.
                  | [demonic ancestry]
   229 | D:1      | Reached XP level 2. HP: 10/19 MP: 0/5
   313 | D:1      | Reached skill level 5 in Necromancy
   722 | D:1      | Found a faded altar of an unknown god.
   974 | D:2      | Gained mutation: You are partially covered in large bone
                  | plates. (SH +4) [demonic ancestry]
   974 | D:2      | Reached XP level 3. HP: 25/25 MP: 4/6
  1177 | D:2      | Found a sacrificial altar of Ru.
  1186 | D:2      | Became a worshipper of Ru the Awakened
  1339 | D:2      | Reached skill level 1 in Unarmed Combat
  1699 | D:2      | Learned a level 3 spell: Vampiric Draining
  1758 | D:3      | Reached skill level 1 in Fighting
  1823 | D:3      | Noticed a phantom
  1842 | D:3      | Killed a phantom
  1843 | D:3      | Reached skill level 2 in Unarmed Combat
  1843 | D:3      | Reached XP level 4. HP: 15/33 MP: 2/7
  1843 | D:3      | Gained mutation: Spells you cast may paralyse adjacent
                  | enemies. [demonic ancestry]
  1843 | D:3      | Reached XP level 5. HP: 18/38 MP: 2/8
  2071 | D:3      | Found a faded altar of an unknown god.
  2071 | D:3      | Found a hazy altar of Hepliaklqana.
  2071 | D:3      | Found a faded altar of an unknown god.
  2079 | D:3      | Learned a level 3 spell: Mephitic Cloud
  2161 | D:3      | Found a shimmering blue altar of Sif Muna.
  2161 | D:3      | Found an iron altar of Okawaru.
  2415 | D:3      | Found a sparkling altar of Nemelex Xobeh.
  2660 | D:4      | Gained mutation: You are hated by all. [Ru sacrifice]
  2660 | D:4      | Reached * piety under Ru
  2660 | D:4      | Reached ** piety under Ru
  2681 | D:4      | Reached skill level 3 in Unarmed Combat
  2720 | D:4      | Gained mutation: You have a small tail. [demonic ancestry]
  2720 | D:4      | Reached XP level 6. HP: 31/46 MP: 7/9
  2783 | D:4      | Found a sacrificial altar of Ru.
  2784 | D:4      | Found a snail-covered altar of Cheibriados.
  3052 | D:4      | Reached skill level 4 in Unarmed Combat
  3180 | D:4      | Noticed Grinder
  3190 | D:4      | Killed Grinder
  3191 | D:4      | Reached XP level 7. HP: 47/53 MP: 10/10
  3194 | D:4      | Reached skill level 5 in Unarmed Combat
  3374 | D:4      | Found a burning altar of Makhleb.
  3382 | D:4      | Identified the +2 robe "Otaetebly" {-Cast rElec rPois rN+}
  3787 | D:5      | Entered Level 5 of the Dungeon
  3959 | D:5      | Found an ornate altar of the Wu Jian Council.
  4173 | D:5      | Reached skill level 6 in Unarmed Combat
  4216 | D:5      | Reached XP level 8. HP: 42/61 MP: 11/11
  4360 | D:5      | Reached skill level 5 in Fighting
  5001 | D:6      | Reached skill level 7 in Unarmed Combat
  5144 | D:6      | Identified the +2 robe of the Guilds {rN+}
  5488 | D:6      | Gained mutation: You are somewhat inexperienced. (-1 XL)
                  | [Ru sacrifice]
  5488 | D:6      | Reached XP level 7. HP: 56/56 MP: 10/10
  5488 | D:6      | Reached *** piety under Ru
  5490 | D:6      | Found an ancient bone altar of Kikubaaqudgha.
  5600 | D:6      | Found a staircase to the Ecumenical Temple.
  5712 | D:7      | Reached skill level 1 in Shields
  5848 | D:7      | Found a shadowy altar of Dithmenos.
  6027 | D:7      | Reached XP level 8. HP: 64/64 MP: 11/11
  6151 | D:7      | Shot with a bolt by an orc warrior

Illustrated notes

Levels and vault maps discovered:
D:1:      heliophobic_arrival_ceremonial_halls, layout_rooms,
          hellmonk_ecumenical_altar_run_dry
D:2:      layout_basic, basic_altar
D:3:      layout_rooms, mainiacjoe_overflow_large_starburst,
          nemelex_spade_bored_becter, nicolae_tso_carved_into_rock,
          nicolae_hepliaklqana_ecumenical_no_more, kennysheep_potato
D:4:      layout_basic, bloody_makhleb, mainiacjoe_overflow_divided_tiny,
          uniq_grinder
D:5:      layout_basic, nicolae_wu_jian_wuxing_cycle
D:6:      layout_cave_pools, kennysheep_vampire_church,
          minmay_temple_entry_statues, kennysheep_generic_room_5
D:7:      kennysheep_seaside_town, layout_basic, mainiacjoe_overflow_boulevard,
          nicolae_titane, uniq_menkaure

Skill      XL: |  1  2  3  4  5  6  7  8 |
---------------+-------------------------+-----
Necromancy     | 5 6 |  6.0
Dodging        | 2 |  2.0
Unarmed Combat | 2 3 4 6 7 |  7.5
Fighting       | 1 2 3 4 5 |  5.7
Shields        | 3 4 |  4.0
Stealth        | |  1.7
Spellcasting   | |  2.0
Conjurations   | |  0.2
Air Magic      | |  0.2
Poison Magic   | |  0.2

Action                     |  1- 3 |  4- 6 |  7- 9 || total
---------------------------+-------+-------+-------++-------
  Melee: Dagger            |     4 |       |       ||     4
         Unarmed           |    10 |    59 |   162 ||   231
         Tailslap          |       |     8 |    27 ||    35
         Punch             |       |       |     2 ||     2
   Cast: Necrotise         |    64 |    29 |       ||    93
         Vampiric Draining |       |     5 |     5 ||    10
 Invoke: Sacrifice Love    |       |     1 |       ||     1
         Sacrifice Experie |       |       |     1 ||     1
    Use: Scroll            |     6 |     2 |     9 ||    17
         Potion            |     1 |       |       ||     1
   Stab: Paralysed         |       |     3 |       ||     3
         Sleeping          |       |       |     2 ||     2
         Distracted        |       |       |     1 ||     1
         Invisible         |       |       |     1 ||     1
 Armour: Robe              |     3 |     6 |    26 ||    35
  Dodge: Dodged            |    14 |    18 |    56 ||    88
  Block: Other             |     1 |     3 |    20 ||    24
         Buckler           |       |       |    13 ||    13

Table legend: (Time is in decaauts)
 A = Elapsed time spent in this place.
 B = Non-inter-level travel time spent in this place.
 C = Inter-level travel time spent in this place.
 D = Time resting spent in this place.
 E = Time spent auto-exploring this place.
 F = Levels seen in this place.
 G = Mean time per level.
                   A        B        C        D        E       F      G
               +--------+--------+--------+--------+--------+-----+--------+
         Total |   6124 |   5979 |    145 |    242 |   4776 |   7 |  874.9 |
       Dungeon |   6124 |   5979 |    145 |    242 |   4776 |   7 |  874.9 |
               +--------+--------+--------+--------+--------+-----+--------+

Top non-repeatable levels by time:
     D:5: 1203 daAuts
     D:4: 1165 daAuts
     D:1: 918 daAuts
     D:3: 861 daAuts
     D:2: 832 daAuts
     D:6: 626 daAuts
     D:7: 516 daAuts
